 Dungeon Crawl Stone Soup version 0.17-a0-764-gd40c196 (webtiles) character file.

1729 ventricule the Grappler (level 8, -10/74 HPs)
             Began as a Troll Monk on Apr 23, 2015.
             Mangled by an orc warrior
             ... wielding a +0 trident
              (15 damage)
             ... on level 7 of the Dungeon.
             The game lasted 00:08:55 (4497 turns).

ventricule the Grappler (Troll Monk)                Turns: 4497, Time: 00:08:56

Health: -10/74     AC:  9    Str: 20    XL:     8   Next: 76%
Magic:  6/6        EV: 10    Int:  8    God:
Gold:   194        SH:  0    Dex: 14    Spells: 0 memorised, 7 levels left

rFire  + . .     SeeInvis .       - Unarmed
rCold  . . .     Clarity  .     k - +2 robe {rF+}
rNeg   . . .     SustAb   .     (no shield)
rPois  +         Gourm    +     (helmet restricted)
rElec  .         Spirit   .     (no cloak)
rCorr  .         Warding  .     (gloves unavailable)
rMut   .         Stasis   .     (boots unavailable)
MR     .....                    (no amulet)
Stlth  ++........               e - ring of poison resistance
                                n - ring of flight

@: not resistant to hostile enchantments, unstealthy
A: unfitting armour, claws 3, slimy green scales 1, thin skeletal structure 1,
fast metabolism 3, gourmand, low mp 1, regeneration 2, shaggy fur 1, tough skin
2
a: Evoke Flight


You were on level 7 of the Dungeon.
You were full.

You visited 1 branch of the dungeon, and saw 7 of its levels.

You collected 194 gold pieces.


Innate Abilities, Weirdness & Mutations

You are too large for most types of armour.
You have claws for hands.
Your metabolism is lightning-fast.
You like to eat raw meat.
You heal very quickly.
You are covered in fur (AC +1).
You have very tough skin (AC +2).
You are partially covered in slimy green scales (AC +2).
You have a somewhat thin skeletal structure (Dex +2, Stealth).
Your magical capacity is low (-10% MP).


   Skills:
 - Level 2.4 Fighting
 - Level 2.4 Dodging
 - Level 1.1 Stealth
 + Level 11.7 Unarmed Combat


You had 7 spell levels left.
You didn't know any spells.

Inventory:

Armour
 a - a cursed +0 robe
 k - a +2 robe of fire resistance (worn)
Jewellery
 e - a ring of poison resistance (right claw)
 n - a ring of flight (left claw)
Magical devices
 c - a wand of slowing (24)
 m - a wand of confusion (32)
 p - a wand of fire (6)
 q - a wand of random effects (23)
Scrolls
 g - a scroll of teleportation {@r4}
 h - 4 scrolls of random uselessness
 o - a scroll of identify {@r1}
Potions
 d - a potion of brilliance
 f - a potion of heal wounds {@q2}
 i - 3 potions of curing {@q1}
 j - a potion of degeneration {!q}
 l - 2 potions of magic
Comestibles
 b - 6 bread rations

Dungeon Overview and Level Annotations

Branches:
Dungeon (7/15)             Temple (0/1) D:7

Altars:
Ashenzari
Elyvilon
Fedhas
Gozag

Annotations:
D:3 Crazy Yiuf, Robin, Sigmund

.... ..... #... #...#
...# #...# ...# . #..##
.£.# ... ####...# ##...#
. ....#.....£####....#...
................†........
..(.....<.))..).To.......
...####..................
#.................
#............#.....
#........[..##.8.#.#
............## .....
...........## .>.8
.........## ... .....##


You could see an orc warrior (bleeding).


Message History

The orc warrior is heavily wounded.
The orc warrior misses you.
You closely miss the orc warrior.
The orc warrior is heavily wounded.
The orc warrior closely misses you.
You scratch the orc warrior but do no damage.
The orc warrior is heavily wounded.
You scratch the orc warrior but do no damage.
The orc warrior is heavily wounded.
The orc warrior hits you with a trident.
* * * LOW HITPOINT WARNING * * *
You claw the orc warrior!
The orc warrior is almost dead.
The orc warrior hits you with a trident.
* * * LOW HITPOINT WARNING * * *
You scratch the orc warrior but do no damage.
The orc warrior is almost dead.
You closely miss the orc warrior.
The orc warrior is almost dead.
The orc warrior closely misses you.
You closely miss the orc warrior.
The orc warrior is almost dead.
The orc warrior hits you with a trident!!
* * * LOW HITPOINT WARNING * * *
You closely miss the orc warrior.
The orc warrior is almost dead.
You closely miss the orc warrior.
The orc warrior is almost dead.
The orc warrior hits you with a trident!
You die...

Action                   |  1- 3 |  4- 6 |  7- 9 || total
-------------------------+-------+-------+-------++-------
Melee: Unarmed           |    86 |   135 |   142 ||   363
  Use: Scroll            |       |    11 |     2 ||    13
       Potion            |       |     2 |     1 ||     3
 Stab: Sleeping          |     1 |       |     2 ||     3
  Eat: Chunk             |    13 |    13 |    16 ||    42
       Beef jerky        |     1 |       |       ||     1

Vault maps used:
D:1:      dpeg_arrival_simpleton_c
D:2:      lemuel_crystal_altar, uniq_jessica
D:3:      uniq_crazy_yiuf_cottage, uniq_robin, uniq_sigmund, uniq_terence
D:4:      nicolae_overflow_hidden_temple, elyvilon_altar_1
D:5:      first_bread, uniq_edmund, uniq_menkaure
D:6:      old_standard_altar, lemuel_coloured_pillars_altar, amethyst_killhole,
          eino_tiny_chamber, uniq_blork_the_orc, uniq_pikel, uniq_prince_ribbit1
D:7:      gammafunk_temple_overflow_pools, minmay_temple_entry_statues_pillars,
          serial_shops, shop_statue, nicolae_shop_overgrown_old_shop, shop,
          shop, shop, basic_altar

Notes
Turn   | Place    | Note
--------------------------------------------------------------
     0 | D:1      | ventricule, the Troll Monk, began the quest for the Orb.
     0 | D:1      | Reached XP level 1. HP: 22/22 MP: 0/0
   304 | D:1      | Reached XP level 2. HP: 29/29 MP: 1/1
   981 | D:2      | Noticed Jessica
   983 | D:2      | Reached skill level 5 in Unarmed Combat
   983 | D:2      | Reached XP level 3. HP: 36/36 MP: 2/2
   989 | D:2      | Killed Jessica
  1121 | D:2      | Found a shattered altar of Ashenzari.
  1182 | D:2      | Reached XP level 4. HP: 44/44 MP: 3/3
  1580 | D:3      | Noticed Robin
  1595 | D:2      | Reached skill level 6 in Unarmed Combat
  1695 | D:3      | Noticed Crazy Yiuf
  1765 | D:3      | Noticed Sigmund
  1869 | D:4      | Found a white marble altar of Elyvilon.
  1871 | D:4      | Reached XP level 5. HP: 50/50 MP: 4/4
  1909 | D:4      | Found an opulent altar of Gozag.
  2846 | D:5      | Entered Level 5 of the Dungeon
  2852 | D:5      | Noticed Edmund
  2861 | D:5      | Killed Edmund
  2861 | D:5      | Reached skill level 7 in Unarmed Combat
  2861 | D:5      | Reached XP level 6. HP: 57/59 MP: 5/5
  2866 | D:5      | Noticed a phantom
  2875 | D:5      | Killed a phantom
  2891 | D:5      | Reached skill level 8 in Unarmed Combat
  2982 | D:5      | Gained mutation: Your magical capacity is low (-10% MP). [potion of mutation]
  2982 | D:5      | Gained mutation: You have a somewhat thin skeletal structure (Dex +2, Stealth). [potion of mutation]
  2982 | D:5      | Gained mutation: You are partially covered in slimy green scales (AC +2). [potion of mutation]
  2994 | D:5      | Noticed a centaur
  3002 | D:5      | Killed a centaur
  3002 | D:5      | Reached XP level 7. HP: 25/66 MP: 5/5
  3140 | D:5      | Noticed an ice beast
  3148 | D:5      | Killed an ice beast
  3210 | D:5      | Reached skill level 9 in Unarmed Combat
  3579 | D:5      | Noticed Menkaure
  3588 | D:5      | Killed Menkaure
  4007 | D:6      | Reached skill level 10 in Unarmed Combat
  4083 | D:6      | Reached XP level 8. HP: 74/74 MP: 6/6
  4148 | D:6      | Noticed Pikel
  4232 | D:5      | Killed Pikel
  4232 | D:5      | Reached skill level 11 in Unarmed Combat
  4348 | D:6      | Noticed Blork the orc
  4354 | D:6      | Killed Blork the orc
  4395 | D:6      | Found a blossoming altar of Fedhas.
  4479 | D:7      | Found a staircase to the Ecumenical Temple.
  4495 | D:7      | HP: 4/74 [orc warrior/trident (19)]
  4497 | D:7      | Mangled by an orc warrior

Vanquished Creatures
  Pikel (D:5)
  Menkaure (D:5)
  Edmund (D:5)
  A phantom (D:5)
  An ice beast (D:5)
  2 centaurs
  A necrophage (D:5)
  A slave (D:6)
  Blork the orc (D:6)
  2 crimson imps
  An orc priest (D:6)
  2 hounds
  2 orc wizards (D:6)
  Jessica (D:2)
  A giant frog skeleton (D:5)
  3 worker ants
  3 gnolls (D:5)
  2 adders
  An adder zombie (D:6)
  4 oozes
  An adder skeleton (D:5)
  4 worms (D:2)
  3 giant geckos
  17 orcs
  A bat skeleton (D:7)
  2 bat zombies (D:6)
  9 hobgoblins
  6 jackals
  A quokka (D:1)
  A ball python (D:4)
  9 bats
  3 giant cockroaches
  A giant gecko skeleton (D:5)
  7 giant newts
  15 goblins
  9 kobolds
  15 rats
136 creatures vanquished.
